MLB
COLORADO ROCKIES @ BALTIMORE ORIOLES
04/08/2030
 
TOP OF THE 1ST
Colorado Rockies batting - Pitching for Baltimore Orioles : RHP Chad Brooks
Pitching: RHP Chad Brooks
Batting: LHB Kyle Tucker 0-0: Foul Ball, location: 2F
0-1: Ball
1-1: Called Strike
1-2: Ball
2-2: Foul Ball, location: 3FF
2-2: Foul Ball, location: 7LSF
2-2: Ball
3-2: Base on Balls
Batting: RHB Steve Guiter 0-0: Ball
1-0: Foul Ball, location: 9LSF
1-1: Ball
2-1: Fly out, F8 (Flyball, 8RXD, EV 106.9 MPH)
Batting: LHB Yeancarlos Martin 0-0: Ball
1-0: Ball
2-0: Grounds out, U3 (Groundball, 3L, EV 96.9 MPH)
Batting: RHB Sean Graham 0-0: Ball
1-0: Ball
2-0: Hit by Pitch
Batting: LHB Jeff Ibarra 0-0: Ball
1-0: Called Strike
1-1: Foul Ball, location: 7LMF
1-2: Strikes out swinging
Top of the 1st over - 0 runs, 0 hits, 0 errors, 2 left on base; Colorado 0 - Baltimore 0
BOTTOM OF THE 1ST
Baltimore Orioles batting - Pitching for Colorado Rockies : LHP Jimmy Benway
Pitching: LHP Jimmy Benway
Batting: RHB Joel Thamann 0-0: Ground out U3 (Groundball, 3, EV 89.4 MPH)
Batting: SHB Sam Patterson 0-0: Foul Ball, location: 9LSFF
0-1: Ball
1-1: Ground out 1-3 (Groundball, 13S, EV 75.0 MPH)
Batting: RHB Regis Trezza 0-0: Called Strike
0-1: Called Strike
0-2: Foul Ball, location: 2F
0-2: Foul Ball, location: 3F
0-2: Ball
1-2: Ball
2-2: Ball
3-2: Fly out, F7 (Flyball, 7, EV 81.9 MPH)
Bottom of the 1st over - 0 runs, 0 hits, 0 errors, 0 left on base; Colorado 0 - Baltimore 0
TOP OF THE 2ND
Colorado Rockies batting - Pitching for Baltimore Orioles : RHP Chad Brooks
Batting: RHB Javy Navarro 0-0: Ball
1-0: Reached on error, E5 (Groundball, 56S, EV 88.8 MPH)
Batting: RHB Jose Vazquez 0-0: Sac Bunt to 15 - play at first, batter OUT! 1-3
Javy Navarro to second
Batting: RHB Matt Chapman 0-0: Swinging Strike
0-1: Ball
1-1: Foul Ball, location: 2F
1-2: Ball
2-2: Foul Ball, location: 9LMF
2-2: Ball
3-2: Foul Ball, location: 2F
3-2: Foul Ball, location: 5F
3-2: Foul Ball, location: 9LMF
3-2: Ground out 6-3 (Groundball, 6, EV 91.3 MPH)
Javy Navarro to third
Batting: RHB Josh Aldridge 0-0: Ball
1-0: Called Strike
1-1: Ball
2-1: Ball
3-1: Called Strike
3-2: Foul Ball, location: 2F
3-2: Strikes out swinging
Top of the 2nd over - 0 runs, 0 hits, 1 error, 1 left on base; Colorado 0 - Baltimore 0
BOTTOM OF THE 2ND
Baltimore Orioles batting - Pitching for Colorado Rockies : LHP Jimmy Benway
Batting: SHB Yoneiry Acevedo 0-0: Called Strike
0-1: Fly out, F9 (Flyball, 9LS, EV 81.3 MPH)
Batting: RHB Jose Palacios 0-0: Ball
1-0: Ball
2-0: Foul Ball, location: 2F
2-1: Fly out, F9 (Flyball, 9S, EV 92.5 MPH)
Batting: RHB Cesar Bamuelos 0-0: Called Strike
0-1: Ball
1-1: Foul Ball, location: 7LMFF
1-2: SINGLE (Line Drive, 8LS, EV 92.5 MPH)
Batting: RHB Josh St. Louis 0-0: Foul Ball, location: 2F
0-1: Ground out 5-3 (Groundball, 56S, EV 61.3 MPH)
Bottom of the 2nd over - 0 runs, 1 hit, 0 errors, 1 left on base; Colorado 0 - Baltimore 0
TOP OF THE 3RD
Colorado Rockies batting - Pitching for Baltimore Orioles : RHP Chad Brooks
Batting: LHB Kyle Tucker 0-0: Foul Ball, location: 7LMF
0-1: SINGLE (Line Drive, 89S, EV 88.8 MPH)
Batting: RHB Steve Guiter 0-0: Foul Ball, location: 9LDF
0-1: 2-RUN HOME RUN (Flyball, 7LD, EV 92.5 MPH), Distance : 344 ft
Batting: LHB Yeancarlos Martin 0-0: Ball
1-0: Ball
2-0: Called Strike
2-1: Foul Ball, location: 5F
2-2: Ball
3-2: Strikes out swinging
Batting: RHB Sean Graham 0-0: Ball
1-0: Ball
2-0: Swinging Strike
2-1: Swinging Strike
2-2: Strikes out swinging
Batting: LHB Jeff Ibarra 0-0: Foul Ball, location: 2F
0-1: Ball
1-1: Ground out 6-3 (Groundball, 6M, EV 88.8 MPH)
Top of the 3rd over - 2 runs, 2 hits, 0 errors, 0 left on base; Colorado 2 - Baltimore 0
BOTTOM OF THE 3RD
Baltimore Orioles batting - Pitching for Colorado Rockies : LHP Jimmy Benway
Batting: LHB Josh Anderson 0-0: Ball
1-0: Foul Ball, location: 2LF
1-1: Ball
2-1: Ground out 5-3 (Groundball, 5, EV 80.0 MPH)
Batting: RHB Ben Hopkins 0-0: Called Strike
0-1: Called Strike
0-2: Strikes out looking
Batting: RHB Joel Thamann 0-0: Swinging Strike
0-1: Called Strike
0-2: Ball
1-2: Ball
2-2: Strikes out looking
Bottom of the 3rd over - 0 runs, 0 hits, 0 errors, 0 left on base; Colorado 2 - Baltimore 0
TOP OF THE 4TH
Colorado Rockies batting - Pitching for Baltimore Orioles : RHP Chad Brooks
Batting: RHB Javy Navarro 0-0: Ball
1-0: Ball
2-0: Ball
3-0: Base on Balls
Batting: RHB Jose Vazquez 0-0: Ball
Javy Navarro is caught stealing 2nd base 2-4
1-0: Swinging Strike
1-1: Ball
2-1: Ground out 4-3 (Groundball, 4, EV 95.6 MPH)
Batting: RHB Matt Chapman 0-0: Called Strike
0-1: Foul Ball, location: 23FF
0-2: Ball
1-2: Ball
2-2: Foul Ball, location: 5FF
2-2: Strikes out swinging
Top of the 4th over - 0 runs, 0 hits, 0 errors, 0 left on base; Colorado 2 - Baltimore 0
BOTTOM OF THE 4TH
Baltimore Orioles batting - Pitching for Colorado Rockies : LHP Jimmy Benway
Batting: SHB Sam Patterson 0-0: Ball
1-0: Ball
2-0: Foul Ball, location: 9LDF
2-1: Ball
3-1: Foul Ball, location: 7LDF
3-2: Base on Balls
Batting: RHB Regis Trezza 0-0: Called Strike
0-1: Fielders Choice at 2nd, 4-6 (Groundball, 34, EV 85.0 MPH)
Batting: SHB Yoneiry Acevedo 0-0: Foul Ball, location: 3FF
0-1: Ball
1-1: Fly out, F8 (Flyball, 8LM, EV 90.6 MPH)
Batting: RHB Jose Palacios 0-0: Called Strike
0-1: Foul Ball, location: 2F
0-2: Strikes out swinging
Bottom of the 4th over - 0 runs, 0 hits, 0 errors, 1 left on base; Colorado 2 - Baltimore 0
TOP OF THE 5TH
Colorado Rockies batting - Pitching for Baltimore Orioles : RHP Chad Brooks
Batting: RHB Josh Aldridge 0-0: Ball
1-0: Swinging Strike
1-1: Called Strike
1-2: Fly out, F8 (Flyball, 8RM, EV 91.3 MPH)
Batting: LHB Kyle Tucker 0-0: Ball
1-0: Called Strike
1-1: Foul Ball, location: 2F
1-2: Ball
2-2: Foul Ball, location: 23F
2-2: Fly out, F9 (Flyball, 89M, EV 76.9 MPH)
Batting: RHB Steve Guiter 0-0: Ball
1-0: Called Strike
1-1: Ball
2-1: Foul Ball, location: 2LF
2-2: Ground out 3-1 (Groundball, 34S, EV 83.8 MPH)
Top of the 5th over - 0 runs, 0 hits, 0 errors, 0 left on base; Colorado 2 - Baltimore 0
BOTTOM OF THE 5TH
Baltimore Orioles batting - Pitching for Colorado Rockies : LHP Jimmy Benway
Batting: RHB Cesar Bamuelos 0-0: Called Strike
0-1: Ball
1-1: Ball
2-1: Called Strike
2-2: Strikes out swinging
Batting: RHB Josh St. Louis 0-0: Called Strike
0-1: Swinging Strike
0-2: Ball
1-2: Ball
2-2: Foul Ball, location: 5FF
2-2: Foul Ball, location: 25F
2-2: Strikes out looking
Batting: LHB Josh Anderson 0-0: Ball
1-0: Called Strike
1-1: Fly out, F9 (Flyball, 9S, EV 88.1 MPH)
Bottom of the 5th over - 0 runs, 0 hits, 0 errors, 0 left on base; Colorado 2 - Baltimore 0
TOP OF THE 6TH
Colorado Rockies batting - Pitching for Baltimore Orioles : RHP Chad Brooks
Batting: LHB Yeancarlos Martin 0-0: Called Strike
0-1: Ball
1-1: Ball
2-1: Fly out, F8 (Flyball, 8RXD, EV 98.8 MPH)
Batting: RHB Sean Graham 0-0: Called Strike
0-1: Ball
1-1: Ball
2-1: Foul Ball, location: 9LDF
2-2: Foul Ball, location: 2F
2-2: Ball
3-2: Ground out 6-3 (Groundball, 56D, EV 95.6 MPH)
Batting: LHB Jeff Ibarra 0-0: Foul Ball, location: 25F
0-1: Swinging Strike
0-2: Strikes out swinging
Top of the 6th over - 0 runs, 0 hits, 0 errors, 0 left on base; Colorado 2 - Baltimore 0
BOTTOM OF THE 6TH
Baltimore Orioles batting - Pitching for Colorado Rockies : LHP Jimmy Benway
Batting: RHB Ben Hopkins 0-0: Called Strike
0-1: Hit by Pitch
Batting: RHB Joel Thamann 0-0: Swinging Strike
0-1: Foul Ball, location: 2F
0-2: Ball
1-2: Foul Ball, location: 2F
1-2: Ball
Passed Ball!
Ben Hopkins to second
2-2: Ball
3-2: 2-RUN HOME RUN (Line Drive, 7D, EV 94.4 MPH), Distance : 364 ft
Pitching: RHP Jordan Araujo
Batting: SHB Sam Patterson 0-0: Foul Ball, location: 7LSF
0-1: Foul Ball, location: 2F
0-2: SINGLE (Groundball, 34S, EV 80.0 MPH)
Pinch Hitting: LHB Freddy O'Connor 0-0: Ball
1-0: Ball
2-0: Ball
3-0: Base on Balls
Sam Patterson to second
Batting: SHB Yoneiry Acevedo 0-0: Foul Ball, location: 2F
0-1: 3-RUN HOME RUN (Flyball, 8LXD, EV 101.3 MPH), Distance : 408 ft
Pitching: RHP Mike Smeaton
Batting: RHB Jose Palacios 0-0: Called Strike
0-1: Called Strike
0-2: Ball
1-2: Ball
2-2: Foul Ball, location: 5F
2-2: Ball
3-2: Strikes out swinging
Batting: RHB Cesar Bamuelos 0-0: Called Strike
0-1: Ball
1-1: SINGLE (Line Drive, 5L, EV 95.6 MPH)
Batting: RHB Josh St. Louis 0-0: Foul Ball, location: 9LSF
0-1: Ball
1-1: Grounds into double play, 5-4-3 (Groundball, 56, EV 104.4 MPH)
Bottom of the 6th over - 5 runs, 4 hits, 0 errors, 0 left on base; Colorado 2 - Baltimore 5
TOP OF THE 7TH
Colorado Rockies batting - Pitching for Baltimore Orioles : RHP Chad Brooks
Pitching: LHP Danny Morales
Now at 1B: Roslan Chaber
Batting: RHB Javy Navarro 0-0: Swinging Strike
0-1: Ball
1-1: Ball
2-1: Foul Ball, location: 3DF
2-2: Ball
3-2: Foul Ball, location: 2F
3-2: Foul Ball, location: 9LMF
3-2: SINGLE (Groundball, 6MD, EV 95.6 MPH)
Batting: RHB Jose Vazquez 0-0: Called Strike
0-1: Ball
1-1: Ball
2-1: Called Strike
2-2: Ground out 6-3 (Groundball, 6, EV 103.8 MPH)
Javy Navarro to second
Batting: RHB Matt Chapman 0-0: Called Strike
0-1: Swinging Strike
0-2: Strikes out swinging
Batting: RHB Josh Aldridge 0-0: Called Strike
0-1: Swinging Strike
0-2: Ball
1-2: Ball
2-2: Ball
3-2: Fly out, F9 (Flyball, 89M, EV 85.6 MPH)
Top of the 7th over - 0 runs, 1 hit, 0 errors, 1 left on base; Colorado 2 - Baltimore 5
BOTTOM OF THE 7TH
Baltimore Orioles batting - Pitching for Colorado Rockies : RHP Mike Smeaton
Pitching: RHP Josh Strout
Batting: LHB Josh Anderson 0-0: Swinging Strike
0-1: Ball
1-1: Fly out, F4 (Line Drive, 4MD, EV 67.5 MPH)
Batting: RHB Ben Hopkins 0-0: Ball
1-0: Called Strike
1-1: Swinging Strike
1-2: Foul Ball, location: 5DF
1-2: Foul Ball, location: 2F
1-2: Ball
2-2: Ball
3-2: Foul Ball, location: 5F
3-2: Strikes out swinging
Batting: RHB Joel Thamann 0-0: Swinging Strike
0-1: Ball
1-1: Ball
2-1: Ball
3-1: Ground out 6-3 (Groundball, 6, EV 103.8 MPH)
Bottom of the 7th over - 0 runs, 0 hits, 0 errors, 0 left on base; Colorado 2 - Baltimore 5
TOP OF THE 8TH
Colorado Rockies batting - Pitching for Baltimore Orioles : LHP Danny Morales
Pitching: LHP Phil Carpenter
Batting: LHB Kyle Tucker 0-0: Foul Ball, location: 2F
0-1: Ball
1-1: Swinging Strike
1-2: Foul Ball, location: 3SF
1-2: Strikes out looking
Batting: RHB Steve Guiter 0-0: Swinging Strike
0-1: Ball
1-1: Foul Ball, location: 5F
1-2: Ball
2-2: Ball
3-2: Foul Ball, location: 2F
3-2: Strikes out swinging
Batting: RHB Lourdes Gurriel Jr. 0-0: Foul Ball, location: 9LDF
0-1: Swinging Strike
0-2: Strikes out swinging
Top of the 8th over - 0 runs, 0 hits, 0 errors, 0 left on base; Colorado 2 - Baltimore 5
BOTTOM OF THE 8TH
Baltimore Orioles batting - Pitching for Colorado Rockies : RHP Josh Strout
Batting: SHB Sam Patterson 0-0: Ball
1-0: Foul Ball, location: 5FF
1-1: Foul Ball, location: 5DF
1-2: SINGLE (Groundball, 6MD, EV 110.6 MPH)
Batting: LHB Roslan Chaber 0-0: Swinging Strike
0-1: Fly out, F9 (Flyball, 9, EV 88.8 MPH)
Batting: SHB Yoneiry Acevedo 0-0: Ball
1-0: Called Strike
Sam Patterson steals 2nd base
1-1: Swinging Strike
1-2: Foul Ball, location: 5SF
1-2: Strikes out swinging
Pitching: RHP Amai Schwartz
Batting: RHB Jose Palacios 0-0: Ground out 3-1 (Groundball, 34, EV 104.4 MPH)
Bottom of the 8th over - 0 runs, 1 hit, 0 errors, 1 left on base; Colorado 2 - Baltimore 5
TOP OF THE 9TH
Colorado Rockies batting - Pitching for Baltimore Orioles : LHP Phil Carpenter
Pitching: RHP Danny Villa
Batting: RHB Sean Graham 0-0: Foul Ball, location: 2F
0-1: Ball
1-1: Swinging Strike
1-2: Ball
2-2: Foul Ball, location: 5FF
2-2: Ball
3-2: Foul Ball, location: 2F
3-2: Foul Ball, location: 2F
3-2: Fly out, F7 (Line Drive, 7S, EV 103.8 MPH)
Batting: LHB Jeff Ibarra 0-0: Foul Ball, location: 2F
0-1: Ball
1-1: Ball
2-1: Ground out 5-3 (Groundball, 56, EV 86.9 MPH)
Batting: RHB Javy Navarro 0-0: Ground out 6-3 (Groundball, 6, EV 83.8 MPH)
Top of the 9th over - 0 runs, 0 hits, 0 errors, 0 left on base; Colorado 2 - Baltimore 5
Wednesday, February 28th , 2024 - OOTP Baseball 24.7 Build 72